 Dungeon Crawl Stone Soup version 0.28-a0-1199-gef9e1dbd39 (webtiles) character file.

Game seed: 3883075056600042282

113 ChaosChampion the Ruffian (level 4, -6/35 HPs)
             Began as a Draconian Transmuter on Dec 19, 2021.
             Killed by nerve-wracking pain
             ... invoked by Grinder
              (14 damage)
             ... on level 4 of the Dungeon.
             The game lasted 00:02:46 (3125 turns).

ChaosChampion the Ruffian (Draconian Transmuter)    Turns: 3125, Time: 00:02:46

Health: -6/35      AC:  5    Str: 13    XL:     4   Next: 65%
Magic:  7/7        EV: 12    Int: 15    God:
Gold:   172        SH:  0    Dex: 11    Spells: 6/7 levels left

rFire   . . .      SeeInvis .     - Unarmed
rCold   . . .      Faith    .   (no shield)
rNeg    . . .      Spirit   .   (armour unavailable)
rPois   .          Reflect  .   (helmet currently unavailable)
rElec   .          Harm     .   (no cloak)
rCorr   .          Rampage  .   (no gloves)
Will    .....                   (boots currently unavailable)
Stlth   +.........              (no amulet)
HPRegen 0.11/turn               (no ring)
MPRegen 0.10/turn               (no ring)

@: appendages (expiring)
A: horns 2, talons 2, AC +5, unfitting armour, cold-blooded
a: End Transformation


You were on level 4 of the Dungeon.
You had temporarily grown beastly horns and talons.
You visited 1 branch of the dungeon, and saw 4 of its levels.

You collected 172 gold pieces.

Inventory:

Jewellery
 j - a ring of fire
Wands
 h - a wand of iceblast (6)
Scrolls
 b - 2 scrolls of torment {unknown}
 d - a scroll of fog {unknown}
 e - 2 scrolls of amnesia {unknown}
 g - a scroll of immolation {unknown}
Potions
 a - 4 potions of heal wounds {unknown}
 c - 3 potions of curing
 f - a potion of attraction {unknown}
 i - a potion of haste {unknown}


   Skills:
 - Level 1.5 Fighting
 - Level 2.0 Dodging
 * Level 5.1 Unarmed Combat
 - Level 2.0 Spellcasting
 - Level 2.1 Transmutations


You had 6 spell levels left.
You knew the following spells:

 Your Spells              Type           Power      Damage    Failure   Level
a - Beastly Appendage     Tmut           16%        N/A       9%          1

Your spell library contained the following spells:

 Spells                   Type           Power      Damage    Failure   Level
 Wereblood                Tmut           8%         N/A       14%         2
 Static Discharge         Conj/Air       1%         N/A       32%         2
 Spider Form              Tmut/Pois      4%         N/A       38%         3
 Ice Form                 Ice/Tmut       4%         N/A       80%         4
 Dispel Undead            Necr           1%         3d6       91%         4
 Sticky Flame             Conj/Fire      1%         2d3       91%         4


Dungeon Overview and Level Annotations

Branches:
Dungeon (4/15)
 Temple: D:4-7

Altars:

Shops:
D:1 :   D:4 =

Annotations:
D:4 Grinder


Innate Abilities, Weirdness & Mutations

You have temporarily grown beastly horns and talons.
Your plain brown scales are hard. (AC +5)
You cannot fit into any form of body armour.
You are cold-blooded and may be slowed by cold attacks.


Message History

Your horns disappear.
Your talons disappear.
Done exploring.
Done exploring.
(D) Dungeon
Where to? (Enter - D:3, ? - help)
What level of the Dungeon? (default 1, ? - help)
There is a stone staircase leading down here.
You climb downwards.
Level annotation: Grinder Grinder blinks!
There is a stone staircase leading up here.
Grinder is nearby!
Casting: Beastly Appendage (safe; 9% risk of failure)
Confirm with . or Enter, or press ? or * to list all spells.
You grow a pair of large bovine horns.
Your feet morph into talons.
Grinder closely misses you.
You barely miss Grinder. Your kick misses Grinder. Grinder barely misses you.
You hit Grinder but do no damage. Grinder hits you.
You writhe in agony.
You barely miss Grinder. Grinder barely misses you.
You closely miss Grinder. Your kick misses Grinder.
Grinder hits you but does no damage.
You hit Grinder.
Grinder is lightly wounded.
Grinder hits you but does no damage.
You hit Grinder.
Grinder is moderately wounded.
Grinder hits you!
You writhe in agony.
You punch Grinder! You claw Grinder, but do no damage.
Grinder is heavily wounded.
Grinder hits you!
You writhe in agony.
* * * LOW HITPOINT WARNING * * *
You hit Grinder. Your kick misses Grinder. Your headbutt misses Grinder.
Grinder is heavily wounded.
Your transformation is almost over.
Grinder barely misses you.
An adder comes into view.
The adder hisses angrily.
Grinder gestures at you. Pain shoots through your body!
You die...

#.##.## #.##..
#.##.##
.####?#...####
.............+
.####.#...####
#....5<..#
#.##.###.# # #@# #.#
#S# #.# +# #.. #.#
.# ##.##5# #.#
#.##.# ##.##
.###.##.# ##...##
........######......
####........5.......
###########.#....


You could see Grinder and an adder.

Vanquished Creatures
  A hound (D:3)
  2 adders
  A worm (D:2)
  6 dart slugs
  7 ball pythons
  4 endoplasms
  2 goblins (D:1)
  3 hobgoblins (D:2)
  3 quokkas
  7 bats
  4 frilled lizards (D:1)
  7 kobolds
  6 rats
53 creatures vanquished.

Notes
Turn   | Place    | Note
-------+----------+-------------------------------------------
     0 | D:1      | ChaosChampion the Draconian Transmuter began the quest for
                  | the Orb.
     0 | D:1      | Reached XP level 1. HP: 16/16 MP: 3/3
   363 | D:1      | Reached XP level 2. HP: 23/23 MP: 3/5
   863 | D:1      | Found Hevuxkaq's Book Boutique.
  1044 | D:2      | Found a faded altar of an unknown god.
  1240 | D:2      | Reached XP level 3. HP: 18/28 MP: 4/6
  1360 | D:2      | Reached skill level 4 in Unarmed Combat
  2176 | D:3      | Reached XP level 4. HP: 35/35 MP: 5/7
  2293 | D:3      | You fall into a shaft and drop 1 floor!
  2298 | D:4      | Noticed Grinder
  2299 | D:4      | Paralysed by Grinder for 3 turns
  2332 | D:4      | Found Supuol's Jewellery Boutique.
  2648 | D:3      | Reached skill level 5 in Unarmed Combat
  3125 | D:4      | Killed from afar by Grinder

Illustrated notes

Levels and vault maps discovered:
D:1:      roderic_crossed_star, layout_loops_cross, serial_shops,
          nicolae_lakefront_shop, minmay_three_crescents
D:2:      minmay_door_path, layout_loops_cross,
          hellmonk_ecumenical_altar_zigzags
D:3:      kennysheep_slugbush, layout_basic
D:4:      layout_loops_corners, minmay_shop_enchanted_jewellery, uniq_grinder,
          uniq_robin

Skill      XL: |  1  2  3  4 |
---------------+-------------+-----
Dodging        | 2 |  2.0
Unarmed Combat | 4 5 |  5.1
Fighting       | |  1.5
Spellcasting   | |  2.0
Transmutations | |  2.1

Action                   |  1- 3 |  4- 6 || total
-------------------------+-------+-------++-------
Melee: Unarmed           |   119 |    56 ||   175
       Kick              |    16 |     7 ||    23
       Headbutt          |    10 |     4 ||    14
       Tailslap          |     9 |     2 ||    11
       Punch             |     1 |     1 ||     2
 Cast: Beastly Appendage |    29 |    14 ||    43
 Stab: Sleeping          |     1 |     1 ||     2
Armor: Skin              |    28 |    16 ||    44
Dodge: Dodged            |    83 |    18 ||   101

Table legend: (Time is in decaauts)
 A = Elapsed time spent in this place.
 B = Non-inter-level travel time spent in this place.
 C = Inter-level travel time spent in this place.
 D = Time resting spent in this place.
 E = Time spent auto-exploring this place.
 F = Levels seen in this place.
 G = Mean time per level.
                   A        B        C        D        E       F      G
               +--------+--------+--------+--------+--------+-----+--------+
         Total |   3125 |   3085 |     40 |    218 |   2399 |   4 |  781.2 |
       Dungeon |   3125 |   3085 |     40 |    218 |   2399 |   4 |  781.2 |
               +--------+--------+--------+--------+--------+-----+--------+

Top non-repeatable levels by time:
     D:1: 1040 daAuts
     D:2: 1019 daAuts
     D:3: 957 daAuts
     D:4: 108 daAuts
